 Dungeon Crawl Stone Soup version 0.19-a0-1008-g4c63d25 (console) character file.

35 brucemayne the Chopper (level 3, 0/42 HPs)
             Began as a Vampire Berserker on July 22, 2016.
             Was a Follower of Trog.
             Succumbed to a worker ant's poison
             ... on level 4 of the Dungeon.
             The game lasted 00:01:57 (395 turns).

brucemayne the Chopper (Vampire Berserker)           Turns: 395, Time: 00:01:58

Health: 0/42       AC:  8    Str: 22    XL:     3   Next: 17%
Magic:  3/3        EV:  8    Int:  9    God:    Trog [*.....]
Gold:   0          SH:  0    Dex: 13    Spells: 0 memorised, 2 levels left

rFire  . . .     SeeInvis +     a - +0 hand axe
rCold  . . .     Gourm    .     j - +0 chain mail
rNeg   + . .     Faith    .     (no shield)
rPois  .         Spirit   .     (no helmet)
rElec  .         Dismiss  .     (no cloak)
rCorr  .         Reflect  .     (no gloves)
SustAt .         Harm     .     (no boots)
MR     .....                    l - amulet of rage
Stlth  ..........               (no ring)
                                (no ring)

@: berserking, lethally poisoned (0 -> -5), very quick, not resistant to hostile
enchantments, extremely unstealthy
A: fangs 3, see invisible, unbreathing
a: Bat Form, Berserk, Burn Spellbooks, Renounce Religion, Evoke Berserk Rage


You were on level 4 of the Dungeon.
You worshipped Trog.
Trog was aware of your devotion.
You were not thirsty.

You visited 1 branch of the dungeon, and saw 4 of its levels.

Inventory:

Hand Weapons
 a - a +0 hand axe (weapon)
Missiles
 g - 2 needles of confusion
Armour
 b - a +0 animal skin
 h - a +0 scale mail
 j - a +0 chain mail (worn)
Jewellery
 l - an amulet of rage (around neck)
Scrolls
 e - 2 scrolls of identify {unknown}
 i - a scroll of noise {unknown}
 k - a scroll of teleportation {unknown}
Potions
 c - 2 potions of blood
 d - a potion of degeneration {unknown}
 f - 2 potions of heal wounds {unknown}


   Skills:
 - Level 2.6 Fighting
 + Level 3.9 Axes
 - Level 1.5 Armour
 - Level 2.1 Dodging


You had 2 spell levels left.
You didn't know any spells.

Dungeon Overview and Level Annotations

Branches:
Dungeon (4/15)
 Temple: D:4-7

Altars:


Innate Abilities, Weirdness & Mutations

You have razor-sharp teeth.
You have supernaturally acute eyesight. (SInv)
You can survive without breathing.


Message History

You feel stronger.
You can now transform into a vampire bat.
You hit the orc wizard.
Your chain mail prevents you from hitting the howler monkey.
The orc wizard barely misses you.
The orc wizard points at you and mumbles some strange words.
The puff of flame hits you!
* * * LOW HITPOINT WARNING * * *
The howler monkey hits you.
* * * LOW HITPOINT WARNING * * *
You miss the orc wizard.
The orc wizard is moderately wounded.
You barely miss the howler monkey.
The orc wizard hits you but does no damage.
The howler monkey hits you but does no damage.
Unknown command.
You barely miss the orc wizard.
The orc wizard is moderately wounded.
You miss the orc wizard. You completely miss the howler monkey.
You die...

... .. ..##.. .
#..#.# ...
...#.#. ..
#..so. ...
######...##....
##.....oo.%.....
.......@†.......
.......h.....(..
#...........$...
....>...........
....##..###.....
.... .#.. .....
### #.... #...
##### #.. ..


You could see a scorpion, a howler monkey, 2 orc wizards and an orc.

Vanquished Creatures
  A worker ant (D:4)
  A dart slug (D:1)
  A giant gecko (D:3)
  2 hobgoblins (D:2)
  A quokka (D:2)
  3 bats
  A rat (D:1)
10 creatures vanquished.

Notes
Turn   | Place    | Note
-------+----------+-------------------------------------------
     0 | D:1      | brucemayne the Vampire Berserker began the quest for the Orb.
     0 | D:1      | Reached XP level 1. HP: 17/17 MP: 1/1
   111 | D:2      | Reached skill level 3 in Axes
   124 | D:2      | Reached XP level 2. HP: 3/23 MP: 2/2
   383 | D:4      | Noticed a howler monkey
   388 | D:4      | Noticed a scorpion
   393 | D:4      | Reached XP level 3. HP: 11/28 MP: 3/3
   393 | D:4      | HP: 1/42 [howler monkey (4)]
   395 | D:4      | Succumbed to a worker ant's poison

Vault maps used:
D:1:      matt_arrival_diagonals
D:2:      nicolae_tso_carved_into_rock
D:3:      lemuel_doored_altar, nemelex_xobeh_ov_fountains_minmay, first_bread
D:4:      overflow_temple_1_default

Skill      XL: |  1 |
---------------+----+-----
Axes           | 3 |  3.9
Fighting       | |  2.6
Armour         | |  1.5
Dodging        | |  2.1

Action                   || total
-------------------------++-------
Melee: Hand axe          ||    35
       Bite              ||     6
Invok: Berserk           ||     1
  Use: Potion            ||     2
Armor: Animal skin       ||     2
       Chain mail        ||    18
Dodge: Dodged            ||    20
